 Dungeon Crawl Stone Soup version 0.31-a0-1068-g5939ac1fb6 (webtiles) character file.

Game seed: 17451502620392970719

180780 Sergey the Brawler (level 17, -2/172 HPs)
             Began as a Troll Hexslinger on Nov 25, 2023.
             Was a High Priest of Okawaru.
             Slain by a merfolk
             ... wielding a +0 trident
             ... led by a merfolk aquamancer
              (10 damage)
             ... on level 3 of the Shoals.
             The game lasted 01:27:58 (34572 turns).

Sergey the Brawler (Troll Hexslinger)              Turns: 34572, Time: 01:27:58

Health: -2/172     AC: 17    Str: 23    XL:     17   Next: 65%
Magic:  22/22      EV:  6    Int:  9    God:    Okawaru [*****.]
Gold:   482        SH:  0    Dex: 12    Spells: 18/18 levels left

rFire   + .          .
                       - Unarmed
rCold   + . .        j - +0 kite shield {rF+}
rNeg    . . .        b - +0 acid dragon scales
rPois   .            (helmet restricted)
rElec   .            i - +2 cloak of Optimism {rC+ rCorr Str-3}
rCorr   +            (gloves unavailable)
SInv    .            (boots unavailable)
Will    +++..        O - amulet of regeneration
Stlth   +            c - +4 ring of protection
HPRegen 2.08/turn    o - ring "Xafutile" {Will+ rCorr}
MPRegen 0.18/turn

%: no passive effects
@: engulfed (cannot breathe), enlightened, flying, held
A: large, unfitting armour, claws 3, regeneration 1, shaggy fur 1, tough skin 1
a: Renounce Religion, Heroism, Finesse, Duel


You were on level 3 of the Shoals.
You worshipped Okawaru.
Okawaru was extremely pleased with you.
You visited 5 branches of the dungeon, and saw 29 of its levels.
You also visited: Ice Cave and Volcano.

You collected 3591 gold pieces.
You spent 3109 gold pieces at shops.

Inventory:

Hand Weapons
 q - the +8 rapier of the Horn {vamp, rElec rC+ SInv}
   (You found it on level 4 of the Dungeon)

   rC+:       It protects you from cold.
   rElec:     It insulates you from electricity.
   SInv:      It lets you see invisible.
 s - a +1 sling of electrocution
Missiles
 f - 8 silver javelins
 n - 5 javelins
 F - 45 large rocks
 G - 27 poisoned darts
 I - 10 boomerangs (quivered)
 K - 5 atropa-tipped darts
 S - 3 curare-tipped darts
Armour
 b - +0 acid dragon scales (worn)
 e - the scarf of the Oni {harm, Will+ SInv}
   (You found it on level 14 of the Dungeon)

   Will+:     It increases your willpower.
   SInv:      It lets you see invisible.
 i - the +2 cloak of Optimism (worn) {rC+ rCorr Str-3}
   (You bought it in a shop on level 2 of the Orcish Mines)

   Str-3:     It affects your strength (-3).
   rC+:       It protects you from cold.
   rCorr:     It protects you from acid and corrosion.
 j - a +0 kite shield of fire resistance (worn)
 r - a +2 robe of cold resistance
 v - a +1 robe of willpower
 P - a scarf of resistance
 T - a +2 cloak of poison resistance
Jewellery
 c - a +4 ring of protection (left claw)
 d - a ring of poison resistance
 g - a ring of positive energy
 o - the ring "Xafutile" (right claw) {Will+ rCorr}
   (You acquired it on level 1 of the Orcish Mines)

   [ring of willpower]

   Will+:     It increases your willpower.
   rCorr:     It protects you from acid and corrosion.
 H - an amulet of reflection
 L - a ring of fire
 O - an amulet of regeneration (around neck)
 U - a ring of protection from cold
Talismans
 h - the granite talisman of the Frog {rF+ rN+ Will+}
   (You found it on level 1 of the Shoals)

   [granite talisman]

   rF+:       It protects you from fire.
   rN+:       It protects you from negative energy.
   Will+:     It increases your willpower.
 N - a dragon-blood talisman
Wands
 A - a wand of paralysis (3)
 R - a wand of flame (56)
 Y - a wand of mindburst (8)
Scrolls
 k - 13 scrolls of teleportation {@r3}
 p - a scroll of vulnerability {!r}
 w - 8 scrolls of fog {@r2}
 B - 4 scrolls of enchant armour
 C - 9 scrolls of identify {@r1}
 E - 2 scrolls of blinking {@r4}
 J - 4 scrolls of immolation
 M - 2 scrolls of amnesia
 Z - a scroll of revelation {@r5}
Potions
 a - a potion of attraction
 l - 3 potions of cancellation
 m - a potion of might {@q3}
 t - a potion of magic
 u - 15 potions of curing {@q2}
 x - 4 potions of brilliance
 z - 5 potions of heal wounds {@q1}
 D - a potion of invisibility
 Q - 3 potions of lignification
 V - 2 potions of enlightenment
 W - 6 potions of mutation
 X - 2 potions of resistance
Miscellaneous
 y - a phial of floods


   Skills:
 - Level 12.0 Fighting
 - Level 1.2 Ranged Weapons
 - Level 12.9 Throwing
 - Level 8.0 Armour
 - Level 8.0 Dodging
 - Level 11.0 Shields
 - Level 15.0 Unarmed Combat
 - Level 1.0 Spellcasting
 - Level 2.0 Hexes
 - Level 0.6 Fire Magic
 - Level 8.0 Invocations
 - Level 6.0 Evocations
 + Level 6.2 Shapeshifting


You had 18 spell levels left.
You didn't know any spells.
Your spell library contained the following spells:

 Spells                   Type           Power      Damage    Failure   Level
 Jinxbite                 Hex            8%         N/A       45%         2
 Apportation              Tloc           0%         N/A       58%         1
 Necrotise                Necr           0%         1d4       58%         1
 Sandblast                Erth           0%         2d4       58%         1
 Ensorcelled Hibernation  Hex/Ice        4%         N/A       58%         2
 Sigil of Binding         Hex            4%         N/A       69%         3
 Cigotuvi's Dreadful Rot  Necr/Pois/Air  0%         N/A       75%         2
 Lesser Beckoning         Tloc           0%         N/A       75%         2
 Passwall                 Tmut/Erth      0%         N/A       75%         2
 Inner Flame              Hex/Fire       2%         N/A       80%         3
 Dazzling Flash           Conj/Hex       4%         N/A       83%         3
 Volatile Blastmotes      Fire/Tloc      0%         2d10      90%         3
 Ignite Poison            Fire/Tmut/Pois 0%         N/A       91%         3
 Frozen Ramparts          Ice            0%         1d1       92%         3
 Gell's Gravitas          Tloc           0%         N/A       92%         3
 Stone Arrow              Conj/Erth      0%         3d7       92%         3
 Teleport Other           Tloc           0%         N/A       92%         3
 Cause Fear               Hex            2%         N/A       97%         4
 Anguish                  Hex/Necr       1%         N/A       99%         4
 Dimensional Bullseye     Hex/Tloc       1%         N/A       99%         4
 Fulminant Prism          Conj/Hex       1%         3d5       99%         4
 Leda's Liquefaction      Hex/Erth       1%         N/A       99%         4
 Brom's Barrelling Bould  Conj/Erth      0%         2d3       100%        4
 Iskenderun's Mystic Bla  Conj/Tloc      0%         2d3       100%        4
 Petrify                  Tmut/Erth      0%         N/A       100%        4
 Agony                    Necr           0%         N/A       100%        5
 Alistair's Intoxication  Tmut/Pois      0%         N/A       100%        5
 Fireball                 Conj/Fire      0%         3d3       100%        5
 Freezing Cloud           Conj/Ice/Air   0%         6-21      100%        5
 Lee's Rapid Deconstruct  Erth           0%         3d4*      100%        5
 Metabolic Englaciation   Hex/Ice        1%         N/A       100%        5
 Silence                  Hex/Air        1%         N/A       100%        5
 Bombard                  Conj/Erth      0%         9d1       100%        6
 Orb of Destruction       Conj           0%         9d5       100%        7
 Summon Small Mammal      Summ           Unusable   N/A       N/A         1
 Tukima's Dance           Hex            Unusable   N/A       N/A         3
 Summon Guardian Golem    Hex/Summ       Unusable   N/A       N/A         3
 Spellforged Servitor     Conj/Summ      Unusable   N/A       N/A         7
 Dragon's Call            Summ           Unusable   N/A       N/A         9

Dungeon Overview and Level Annotations

Branches:
Dungeon (15/15)            Temple (0/1) D:4            Lair (5/5) D:8
 Shoals (3/4) Lair:3        Snake (4/4) Lair:3        Slime (0/5) Lair:5
    Orc (2/2) D:9             Elf (0/3) Orc:2        Vaults (0/5) D:14
 Depths (0/4) D:15          IceCv (visited)         Volcano (visited)

Altars:
Ashenzari
Fedhas
Gozag
Hepliaklqana
Kikubaaqudgha
Makhleb
Okawaru
Qazlal
Ru
Trog
Vehumet
Wu Jian
Xom
Yredelemnul
The Shining One
Jiyva

Shops:
D:2 [   D:9 *   Orc:2 ::*[(   Snake:1 !?*?*   Snake:4 (

Annotations:
D:4 3 runed translucent doors, exclusions: downstairs and 1 more exclusion, Tenar's ghost, amateur FoHu
D:7 exclusion: 2 downstairs
D:14 exclusion: downstairs
Lair:5 4 runed translucent doors, KimchiStew's ghost, journeyman MfSh
Shoals:2 exclusion: downstairs


Innate Abilities, Weirdness & Mutations

You are too large for most types of armour.
You have claws for hands.
Your natural rate of healing is unusually fast.
You are covered in fur. (AC +1)
You have tough skin. (AC +1)


Message History

The water elemental hits you!
* * * LOW HITPOINT WARNING * * *
The merfolk hits you from afar with a +0 trident!
* * * LOW HITPOINT WARNING * * *
The skyshark bites you but does no damage.
The skyshark tail-slaps you.
* * * LOW HITPOINT WARNING * * *
The skyshark tail-slaps you!
* * * LOW HITPOINT WARNING * * *
The merfolk hits you from afar with a +0 trident.
* * * LOW HITPOINT WARNING * * *
The water elemental hits you!
* * * LOW HITPOINT WARNING * * *
Okay, then.
Unknown command.
Unknown command.
You feel much better.
* * * LOW HITPOINT WARNING * * *
Your lungs strain for air!
The water elemental hits you.
The merfolk hits you from afar with a +0 trident.
* * * LOW HITPOINT WARNING * * *
The skyshark bites you but does no damage.
The skyshark tail-slaps you but does no damage. x2
The water elemental hits you.
* * * LOW HITPOINT WARNING * * *
The merfolk hits you from afar with a +0 trident.
* * * LOW HITPOINT WARNING * * *
You feel much better.
* * * LOW HITPOINT WARNING * * *
Your lungs strain for air!
The water elemental hits you.
* * * LOW HITPOINT WARNING * * *
The merfolk hits you from afar with a +0 trident!
* * * LOW HITPOINT WARNING * * *
The skyshark bites you.
* * * LOW HITPOINT WARNING * * *
The skyshark enters a blood-rage!
The skyshark barely misses you. x2
The merfolk hits you from afar with a +0 trident!
You die...

≈≈≈≈≈≈~≈≈≈≈≈...~~
≈≈≈≈≈≈≈≈≈≈≈≈≈≈≈≈≈≈≈~~≈.~~
≈≈≈≈≈≈≈≈≈≈≈≈≈≈≈≈≈≈≈≈≈≈≈~~
≈≈≈≈≈≈≈≈≈≈≈≈≈≈≈≈≈≈≈≈≈≈≈..
≈≈≈≈≈≈≈≈≈≈≈≈~~~~≈~.≈≈≈≈≈.
#≈≈≈≈≈≈≈≈≈≈≈~~~.##~~~≈≈≈≈.
#≈≈≈≈≈≈≈≈≈≈≈≈~#...†.~≈≈≈≈.
#≈≈≈≈≈≈≈~≈≈~~.).[...~≈≈≈..
#≈≈≈≈≈≈~~@~~~...<..#~≈≈≈≈#
#≈≈≈≈≈≈~ElE~~#.....#.≈≈≈≈#
#≈≈≈≈≈≈m~m≈≈~~#...#.≈≈≈≈##
#≈≈≈≈≈≈~~≈≈≈~~~..#...≈≈≈#
#≈≈≈≈≈≈~)≈≈≈≈~~~~~~~≈≈≈≈≈.
#≈≈≈≈≈≈~~≈≈≈≈≈≈≈≈≈≈≈≈≈≈≈..
#≈≈≈≈≈≈~~≈~≈≈≈≈≈≈≈≈≈≈≈≈≈
#≈≈≈≈≈≈~~~≈≈≈≈≈≈≈≈≈≈≈.≈
#≈≈≈≈≈~~~~~..≈≈≈≈~~≈


You could see a skyshark (berserk), 2 merfolk and 2 water elementals.

Vanquished Creatures
  Rupert (Lair:4)
  Jorgrun (Snake:1)
  Asterion (Snake:3)
  Polyphemus (Shoals:2)
  Kirke (Lair:4)
  Ilsuiw (Shoals:2)
  3 nagarajas
  Louise (Snake:1)
  2 orc warlords
  A very ugly thing (IceCv)
  An ettin (D:15)
  2 merfolk javelineers (Shoals:2)
  Fannar (Lair:2)
  5 hydras (Lair:5)
  Harold (D:10)
  A vault guard (D:13)
  A catoblepas (Shoals:2)
  2 merfolk aquamancers
  7 salamander tyrants
  6 anacondas
  An ogre mage (D:15)
  A centaur warrior (D:14)
  5 boulder beetles
  6 naga warriors
  8 two-headed ogres
  Erica (D:10)
  6 death yaks
  3 orc high priests (Orc:2)
  4 tengu warriors
  7 naga sharpshooters
  4 shock serpents
  3 deep elf knights (D:15)
  Nergalle (D:12)
  6 salamander mystics
  Lodul (D:13)
  2 skysharks
  A goliath frog (Lair:5)
  5 sea snakes
  2 skeletal warriors (Volcano)
  3 naga ritualists
  A glowing orange brain (D:13)
  3 lindwurms
  2 anaconda skeletons (Volcano)
  An arcanist (D:14)
  7 orc knights
  6 orc sorcerers (Orc:2)
  7 mana vipers
  3 deep elf pyromancers
  23 salamanders
  5 manticores
  5 cyclopes
  2 alligator skeletons (Volcano)
  4 fauns
  14 ugly things
  33 black mambas
  17 elephants
  Maurice (Orc:2)
  10 naga magi
  A water nymph (Shoals:2)
  7 merfolk sirens
  21 cane toads
  A guardian serpent (Snake:1)
  8 gargoyles
  An efreet (D:14)
  An unseen horror (D:11)
  An unseen horror (shapeshifter) (D:15)
  8 rime drakes
  11 komodo dragons
  2 anaconda simulacra (IceCv)
  A tengu conjurer (D:14)
  3 merfolk
  3 tyrant leeches (Lair:5)
  A wind drake (Shoals:1)
  2 polar bears
  5 trolls
  2 alligator simulacra (IceCv)
  20 blink frogs
  4 dream sheep (Shoals:2)
  3 snapping turtles
  A blink frog (shapeshifter) (D:15)
  3 flying skulls (Volcano)
  10 water elementals
  17 slime creatures
  A wraith (D:12)
  A shadow (D:9)
  A hog (Lair:4)
  64 yaks
  8 wyverns
  Grum (D:8)
  3 humans (Lair:4)
  5 vampire mosquitoes (Lair:5)
  2 basilisks
  4 steam dragons
  43 nagas
  5 wargs
  3 acid dragons
  21 water moccasins
  A harpy simulacrum (IceCv)
  A hydra simulacrum (IceCv)
  4 black bears
  An ice beast (D:8)
  43 orc warriors
  An ettin simulacrum (IceCv)
  8 wolves
  14 ogres
  A boggart (shapeshifter) (D:14)
  13 centaurs
  2 phantoms
  2 kobold brigands
  25 bullfrogs
  4 gnoll sergeants
  2 scorpions
  15 wights
  A lindwurm simulacrum (IceCv)
  3 killer bees (D:9)
  3 spriggan skeletons (Volcano)
  A troll skeleton (Volcano)
  An electric eel (D:12)
  7 howler monkeys
  4 hounds
  2 jellies
  A gnoll bouda (D:9)
  36 orc priests
  A sleepcap (D:8)
  33 orc wizards
  6 iguanas
  5 hell rats (Lair:4)
  3 naga skeletons (Volcano)
  A boggart simulacrum (D:15)
  21 gnolls
  6 adders
  2 ufetubi (D:7)
  4 worms
  3 dart slugs
  99 orcs
  4 endoplasms
  A giant cockroach (D:4)
  6 goblins
  15 hobgoblins
  7 jackals
  2 quokkas
  5 ball pythons
  2 bats
  3 frilled lizards
  15 kobolds
  4 rats
997 creatures vanquished.

Notes
Turn   | Place    | Note
-------+----------+-------------------------------------------
     0 | D:1      | Sergey the Troll Hexslinger began the quest for the Orb.
     0 | D:1      | Reached XP level 1. HP: 18/18 MP: 1/1
   316 | D:1      | Reached skill level 1 in Unarmed Combat
   450 | D:1      | Reached XP level 2. HP: 24/26 MP: 2/2
   608 | D:1      | Reached skill level 2 in Unarmed Combat
   740 | D:1      | Reached skill level 1 in Fighting
   786 | D:1      | Found a faded altar of an unknown god.
   806 | D:1      | Prayed at the altar of an unknown god.
   806 | D:1      | Became a worshipper of Warmaster Okawaru
   806 | D:1      | Reached * piety under Okawaru
  1338 | D:1      | Found an iron altar of Okawaru.
  2285 | D:1      | Reached XP level 3. HP: 33/33 MP: 3/3
  2477 | D:2      | Found Loxim's Antique Armour Boutique.
  2929 | D:2      | Found Loxim's Antique Armour Boutique.
  3938 | D:4      | Identified the +0 robe of Aqatt {Int+2 Dex+4}
  4081 | D:4      | Reached skill level 3 in Unarmed Combat
  4081 | D:4      | Reached XP level 4. HP: 42/42 MP: 4/4
  4320 | D:4      | Found a staircase to the Ecumenical Temple.
  4345 | D:4      | Identified the +0 scale mail "Ciogu" {Str+3}
  4346 | D:4      | Found a runed translucent gate.
  4346 | D:4      | Noticed Tenar's ghost (amateur FoHu)
  4347 | D:4      | Found a runed translucent gate.
  4348 | D:4      | Found a runed translucent gate.
  4675 | D:4      | Identified the +4 dagger of Boulafe {speed, *Rage rElec
                  | Int+3 Dex+4}
  5259 | D:4      | Reached XP level 5. HP: 49/50 MP: 2/5
  5523 | D:4      | Reached skill level 1 in Invocations
  5687 | D:4      | Reached skill level 4 in Unarmed Combat
  5700 | D:4      | Identified the +8 rapier of the Horn {vamp, rElec rC+ SInv}
  5712 | D:4      | Noticed a phantom
  5736 | D:4      | Killed a phantom
  5737 | D:4      | Reached XP level 6. HP: 60/61 MP: 3/6
  6206 | D:5      | Entered Level 5 of the Dungeon
  6345 | D:4      | Reached skill level 5 in Unarmed Combat
  6539 | D:5      | Reached XP level 7. HP: 64/67 MP: 8/8
  8108 | D:6      | Noticed a steam dragon
  8158 | D:6      | Killed a steam dragon
  8159 | D:6      | Reached skill level 5 in Fighting
  8159 | D:6      | Reached XP level 8. HP: 80/80 MP: 7/9
  8287 | D:6      | Reached ** piety under Okawaru
  8288 | D:6      | Reached skill level 6 in Unarmed Combat
  8610 | D:6      | Found a stormy altar of Qazlal.
  8809 | D:6      | Reached skill level 7 in Unarmed Combat
  9276 | D:6      | Reached skill level 8 in Unarmed Combat
  9515 | D:6      | Reached XP level 9. HP: 86/88 MP: 7/10
  9986 | D:7      | Reached skill level 1 in Throwing
 10379 | D:7      | Found an ornate altar of the Wu Jian Council.
 10414 | D:8      | Noticed Grum
 10433 | D:8      | Noticed a two-headed ogre
 10440 | D:8      | Killed a two-headed ogre
 10441 | D:8      | Reached skill level 9 in Unarmed Combat
 10454 | D:8      | Reached skill level 10 in Unarmed Combat
 10528 | D:8      | Found an opulent altar of Gozag.
 10670 | D:8      | Reached *** piety under Okawaru
 10671 | D:8      | Reached XP level 10. HP: 86/96 MP: 11/11
 10844 | D:8      | Killed Grum
 11149 | D:8      | Reached skill level 5 in Throwing
 11350 | D:8      | Found a staircase to the Lair.
 11464 | D:8      | Found an ancient bone altar of Kikubaaqudgha.
 11789 | D:8      | Reached **** piety under Okawaru
 11852 | D:9      | Found a staircase to the Orcish Mines.
 12081 | D:9      | Found Enaddit's CLEARANCE SALE!.
 12082 | D:9      | Found a bloodstained altar of Trog.
 12153 | D:9      | Identified the +0 helmet of Tulips {Will+}
 12255 | D:9      | Found a hazy altar of Hepliaklqana.
 12281 | D:9      | Found a basalt altar of Yredelemnul.
 12281 | D:9      | Found a blossoming altar of Fedhas.
 12289 | D:9      | Found a radiant altar of Vehumet.
 12291 | D:9      | Found a glowing golden altar of the Shining One.
 12293 | D:9      | Found a sacrificial altar of Ru.
 12419 | D:9      | Reached skill level 11 in Unarmed Combat
 12419 | D:9      | Reached skill level 5 in Invocations
 12544 | D:9      | Reached skill level 1 in Armour
 12549 | D:9      | Found a shimmering altar of Xom.
 12666 | D:10     | Entered Level 10 of the Dungeon
 12698 | D:10     | Noticed Harold
 12710 | D:10     | Killed Harold
 12711 | D:10     | Reached XP level 11. HP: 80/107 MP: 11/13
 12718 | D:10     | Noticed a two-headed ogre
 12731 | D:10     | Killed a two-headed ogre
 12942 | D:10     | Noticed Erica
 12996 | D:10     | Killed Erica
 13439 | D:10     | Found a burning altar of Makhleb.
 13603 | D:11     | Noticed a boulder beetle
 13616 | D:11     | Killed a boulder beetle
 13780 | D:11     | Noticed a white ugly thing
 13787 | D:11     | Killed a white ugly thing
 13871 | D:11     | Reached ***** piety under Okawaru
 14259 | Lair:1   | Entered Level 1 of the Lair of Beasts
 14469 | Lair:1   | Reached XP level 12. HP: 116/118 MP: 15/15
 14555 | Lair:1   | Reached skill level 12 in Unarmed Combat
 14559 | Lair:1   | Received a gift from Okawaru
 15239 | Lair:2   | Noticed a boulder beetle
 15241 | Lair:2   | Noticed Fannar
 15252 | Lair:1   | Killed a boulder beetle
 15271 | Lair:2   | Killed Fannar
 15342 | Lair:2   | Reached skill level 5 in Armour
 15458 | Lair:2   | Received a gift from Okawaru
 15564 | Lair:2   | Noticed a boulder beetle
 15591 | Lair:2   | Killed a boulder beetle
 15773 | Lair:2   | Found the +5 Force Lance {heavy, knockback}
 16110 | Lair:3   | Received a gift from Okawaru
 16439 | Lair:3   | You fall into a shaft and drop 2 floors!
 16439 | Lair:5   | Entered Level 5 of the Lair of Beasts
 16454 | Lair:5   | Reached XP level 13. HP: 97/131 MP: 15/18
 16503 | Lair:5   | Noticed an acid blob
 16508 | Lair:5   | Received a gift from Okawaru
 16645 | Lair:5   | Reached skill level 10 in Throwing
 16710 | Lair:4   | Reached skill level 10 in Fighting
 16741 | Lair:4   | Found a dark tunnel.
 16744 | Volcano  | Entered a volcano
 17447 | Lair:4   | Noticed Kirke
 17461 | Lair:4   | Killed Kirke
 17658 | Lair:3   | Reached skill level 13 in Unarmed Combat
 17794 | Lair:3   | Received a gift from Okawaru
 18171 | Lair:3   | Found a staircase to the Snake Pit.
 18284 | Lair:3   | Found a staircase to the Shoals.
 18845 | Lair:3   | Reached XP level 14. HP: 130/143 MP: 19/19
 19001 | Lair:4   | Reached skill level 1 in Shields
 19347 | Lair:4   | Noticed Rupert
 19395 | Lair:4   | Killed Rupert
 19781 | Lair:5   | Found a runed translucent door.
 19781 | Lair:5   | Found a viscous altar of Jiyva.
 19781 | Lair:5   | Noticed an acid blob
 19975 | Lair:5   | Reached skill level 14 in Unarmed Combat
 19989 | Lair:5   | Received a gift from Okawaru
 20187 | Lair:5   | Reached skill level 5 in Shields
 20565 | Lair:5   | Received a gift from Okawaru
 20607 | Lair:5   | Found a runed translucent gate.
 20607 | Lair:5   | Found a runed translucent gate.
 20607 | Lair:5   | Found a runed translucent gate.
 20608 | Lair:5   | Noticed an azure jelly
 20608 | Lair:5   | Noticed an acid blob
 20609 | Lair:5   | Noticed an azure jelly
 20609 | Lair:5   | Noticed an azure jelly
 20610 | Lair:5   | Noticed KimchiStew's ghost (journeyman MfSh)
 20610 | Lair:5   | Noticed an azure jelly
 20610 | Lair:5   | Noticed an azure jelly
 20611 | Lair:5   | Noticed an azure jelly
 20611 | Lair:5   | Noticed an acid blob
 20616 | Lair:5   | Noticed an acid blob
 20913 | Lair:5   | Noticed an azure jelly
 20916 | Lair:5   | Found a viscous altar of Jiyva.
 20980 | Lair:5   | Found a staircase to the Slime Pits.
 21268 | D:12     | Noticed Nergalle
 21284 | D:12     | Killed Nergalle
 21285 | D:12     | Reached skill level 15 in Unarmed Combat
 22397 | D:13     | Reached XP level 15. HP: 149/149 MP: 20/20
 22790 | D:13     | Noticed Lodul
 22793 | D:13     | Killed Lodul
 22793 | D:13     | Received a gift from Okawaru
 23316 | D:14     | Found a gate to the Vaults.
 23449 | D:14     | Found a broken altar of Ashenzari.
 23857 | D:14     | Reached skill level 10 in Shields
 24038 | D:14     | Identified the scarf of the Oni {harm, Will+ SInv}
 24459 | Orc:1    | Entered Level 1 of the Orcish Mines
 24565 | Orc:2    | Entered Level 2 of the Orcish Mines
 25082 | Orc:2    | Found a burning altar of Makhleb.
 25177 | Orc:2    | Noticed Maurice
 25186 | Orc:2    | Killed Maurice
 25186 | Orc:2    | Received a gift from Okawaru
 25238 | Orc:2    | Found a staircase to the Elven Halls.
 25473 | Orc:2    | Reached skill level 5 in Dodging
 26083 | Orc:2    | Found Ostaudut's Book Boutique.
 26238 | Orc:2    | Found Lethruw's Antique Armour Emporium.
 26239 | Orc:2    | Found Roblailo's Antique Weapon Shoppe.
 26241 | Orc:2    | Found Fuoz Abu's General Store.
 26241 | Orc:2    | Found Neut's Book Emporium.
 26257 | Orc:2    | Bought a scroll of fog for 44 gold pieces
 26257 | Orc:2    | Bought a scroll of blinking for 82 gold pieces
 26257 | Orc:2    | Bought a scroll of amnesia for 44 gold pieces
 26257 | Orc:2    | Bought a scroll of summoning for 104 gold pieces
 26257 | Orc:2    | Bought a potion of might for 44 gold pieces
 26257 | Orc:2    | Bought a scarf of resistance for 352 gold pieces
 26305 | Orc:2    | Bought a fading cloak for 342 gold pieces
 26305 | Orc:2    | Identified the +2 cloak of Optimism {rC+ rCorr Str-3} (You
                  | bought it in a shop on level 2 of the Orcish Mines)
 26484 | Orc:2    | Received a gift from Okawaru
 26575 | Orc:1    | Identified a scroll of acquirement
 26575 | Orc:1    | Acquired the ring "Xafutile" {Will+ rCorr}
 26780 | D:15     | Entered Level 15 of the Dungeon
 26862 | D:15     | Found a frozen archway.
 26871 | IceCv    | Entered an ice cave
 26900 | IceCv    | Found a transporter.
 26912 | IceCv    | Found a transporter.
 27168 | D:15     | Found the +5 Lochaber axe {reach-cleave, Poleaxe Drain}
 27304 | D:15     | Reached XP level 16. HP: 158/162 MP: 21/21
 27806 | Snake:1  | Entered Level 1 of the Snake Pit
 27806 | Snake:1  | Noticed Jorgrun
 27817 | Snake:1  | Killed Jorgrun
 27828 | Snake:1  | Found Pusmee's Magic Scroll Boutique.
 27837 | Snake:1  | Found Ibrit's Assorted Antiques.
 27837 | Snake:1  | Found Amnareh's Distillery.
 27843 | Snake:1  | Bought a scroll of fog for 48 gold pieces
 27843 | Snake:1  | Bought a scroll of fear for 48 gold pieces
 27843 | Snake:1  | Bought a scroll of enchant armour for 90 gold pieces
 27859 | Snake:1  | Found Cioherosu's Assorted Antiques.
 27862 | Snake:1  | Bought a glowing cloak for 232 gold pieces
 27862 | Snake:1  | Bought a potion of mutation for 248 gold pieces
 27865 | Snake:1  | Bought a potion of curing for 72 gold pieces
 27865 | Snake:1  | Bought 2 potions of curing for 144 gold pieces
 27865 | Snake:1  | Bought a smoking cloak for 228 gold pieces
 27865 | Snake:1  | Identified the +1 cloak of Incorporation {rC+ Int+2} (You
                  | bought it in a shop on level 1 of the Snake Pit)
 27865 | Snake:1  | Bought a potion of enlightenment for 120 gold pieces
 27877 | Snake:1  | Bought 2 potions of invisibility for 272 gold pieces
 27877 | Snake:1  | Bought 2 potions of curing for 102 gold pieces
 27877 | Snake:1  | Bought a potion of haste for 170 gold pieces
 27877 | Snake:1  | Bought a potion of curing for 51 gold pieces
 27877 | Snake:1  | Bought a potion of cancellation for 136 gold pieces
 27877 | Snake:1  | Bought a potion of mutation for 136 gold pieces
 27903 | Snake:1  | Found Giocam's Magic Scroll Boutique.
 27972 | Snake:1  | Received a gift from Okawaru
 27981 | Snake:1  | Noticed Louise
 27994 | Snake:1  | Killed Louise
 30655 | Snake:3  | Noticed Asterion
 30681 | Snake:3  | Killed Asterion
 30687 | Snake:3  | Reached skill level 5 in Evocations
 31499 | Snake:4  | Entered Level 4 of the Snake Pit
 31514 | Snake:4  | Reached XP level 17. HP: 123/172 MP: 22/22
 31683 | Snake:4  | Received a gift from Okawaru
 31771 | Snake:4  | Found Boawn's Weapon Emporium.
 32744 | Shoals:1 | Entered Level 1 of the Shoals
 33051 | Shoals:1 | Identified the granite talisman of the Frog {rF+ rN+ Will+}
 33135 | Shoals:1 | Reached skill level 1 in Shapeshifting
 33412 | Shoals:2 | Noticed Polyphemus
 33725 | Shoals:2 | Noticed Ilsuiw
 33809 | Shoals:2 | Received a gift from Okawaru
 34054 | Shoals:2 | Killed Ilsuiw
 34055 | Shoals:2 | Reached skill level 5 in Shapeshifting
 34058 | Shoals:2 | Killed Polyphemus
 34570 | Shoals:3 | HP: 1/172 [water elemental[a merfolk aquamancer] (10)]
 34572 | Shoals:3 | Slain by a merfolk

Illustrated notes

Levels and vault maps discovered:
D:1:      ebering_hopf_link, layout_basic,
          chequers_ecumenical_altar_simple_redux
D:2:      layout_rooms, serial_shops, shop, kennysheep_generic_room_11
D:3:      layout_basic
D:4:      minmay_octagon_keep, layout_cave_pools,
          minmay_temple_entry_antechambers, biasface_ghost_orc_armoury,
          dreamdust_princess_corridor
D:5:      layout_loops_corners, minmay_misc_feat_tower
D:6:      kennysheep_housing_project, layout_basic,
          nicolae_qazlal_general_emergency
D:7:      layout_cave_pools, lemuel_round_altar, minmay_misc_feat_room
D:8:      layout_cave_pools, kennysheep_little_box,
          nicolae_overflow_hidden_temple, erik_lair_orcish_takeover,
          minmay_diced_spiral, uniq_grum
D:9:      layout_basic, trog_ov_bears_minmay, nzn_hepliaklqana_mist_gate,
          marbit_many_paths, chequers_temple_overflow_minitemple, orc_0_dummy,
          minmay_misc_feat_more_columns, st_stairs_3, nicolae_shop_clearance
D:10:     layout_small_grid, lightli_temple_of_fire, uniq_erica, uniq_harold
D:11:     layout_long_grid, st_stairs_13
D:12:     argonaut_augean_stables, layout_gridville, uniq_nergalle
D:13:     layout_basic, uniq_lodul
D:14:     layout_irregular_city, hellmonk_vaults_order_and_chaos,
          cheibrodos_ashenzari_chains
D:15:     hangedman_depths_entry_civil_slaughter, layout_basic,
          minmay_misc_feat_five, portal_ice_cave_entry_pillars_four,
          special_room [special_room_orc], nicolae_guarded_unrand_lochaber
Lair:1:   layout_gridlike
Lair:2:   layout_loops_ring, serial_bayou_shore_b, uniq_fannar
Lair:3:   wad_woods_structure_01, layout_regular_city,
          minmay_shoals_entry_centaurs, alex1729_snake_entry_snake
Lair:4:   layout_regular_city, nicolae_volcano_entry_s_turn, uniq_rupert,
          uniq_kirke
Lair:5:   minmay_lair_end_frog_pond, layout_long_grid, slime_entry_2,
          gammafunk_ghost_ooze
Shoals:1: layout_shoals, nicolae_shoals_dead_sea_scrolls
Shoals:2: layout_shoals, uniq_ilsuiw, uniq_polyphemus
Shoals:3: layout_shoals, nicolae_shoals_elemental_ambush, uniq_mara
Snake:1:  layout_cave_shapes, serial_shops, shop, grunt_megastairs_5,
          minmay_shoptagon, uniq_louise, uniq_jorgrun
Snake:2:  layout_misc_corridors, grunt_ministairs_9, nicolae_snake_double_loop,
          nicolae_snake_gridmaze_big_u, nicolae_snake_gridmaze_swirls,
          nrook_loot_triangle
Snake:3:  layout_rooms, uniq_asterion
Snake:4:  hellmonk_snake_rune_quicksilver_temple, layout_cave_town,
          minmay_shop_star, grunt_megastairs_2
Orc:1:    layout_diamond_mine
Orc:2:    st_orc_congregation, layout_caves, serial_shops,
          nicolae_book_shop_shelving, basic_altar, nicolae_orc_damp_corner,
          minmay_orc_keep, uniq_maurice

Skill      XL: |  1  2  3  4  5  6  7  8  9 10 11 12 13 14 15 16 17 |
---------------+----------------------------------------------------+-----
Unarmed Combat | 1 2 3 4 5 8 10 11 12 13 15 | 15.0
Fighting       | 1 2 3 5 6 7 9 10 11 12 | 12.0
Invocations    | 2 3 5 6 8 |  8.0
Evocations     | 2 6 |  6.0
Dodging        | 3 4 6 8 |  8.0
Throwing       | 4 6 7 9 11 12 | 12.9
Armour         | 1 3 5 6 8 |  8.0
Shields        | 7 10 11 | 11.0
Shapeshifting  | 6 |  6.2
Ranged Weapons | |  1.2
Spellcasting   | |  1.0
Hexes          | |  2.0
Fire Magic     | |  0.6

Action                     |  1- 3 |  4- 6 |  7- 9 | 10-12 | 13-15 | 16-18 || total
---------------------------+-------+-------+-------+-------+-------+-------++-------
  Melee: Unarmed           |    82 |    82 |   258 |   552 |  1303 |   929 ||  3206
         Punch             |       |     5 |     7 |    44 |    91 |       ||   147
         Rapier            |       |       |       |       |       |     5 ||     5
   Fire: Sling             |    27 |    35 |     3 |       |       |       ||    65
  Throw: Stone             |       |     8 |    17 |       |       |       ||    25
         Dart              |       |       |     7 |    12 |     7 |     2 ||    28
         Boomerang         |       |       |     6 |    42 |   247 |   160 ||   455
         Large rock        |       |       |       |     5 |    20 |    15 ||    40
         Javelin           |       |       |       |     1 |    21 |    28 ||    50
         Throwing net      |       |       |       |       |     4 |     2 ||     6
 Invoke: Heroism           |       |     7 |    11 |    18 |    28 |    16 ||    80
         Finesse           |       |       |       |     1 |     8 |     3 ||    12
  Evoke: Wand              |       |       |    11 |    16 |     9 |    11 ||    47
         Phial of floods   |       |       |       |       |     1 |     2 ||     3
    Use: Scroll            |     3 |     4 |     3 |    12 |    19 |     3 ||    44
         Potion            |     1 |       |     1 |     1 |    13 |    17 ||    33
   Stab: Sleeping          |     2 |       |       |       |       |       ||     2
         Paralysed         |       |       |     7 |     4 |     5 |     6 ||    22
         Distracted        |       |       |       |       |     2 |       ||     2
         Invisible         |       |       |       |       |     7 |     5 ||    12
         Held in net/web   |       |       |       |       |       |     4 ||     4
 Armour: Robe              |    35 |    56 |    17 |       |    87 |       ||   195
         Steam dragon scal |       |       |   158 |    39 |       |       ||   197
         Acid dragon scale |       |       |       |   359 |   646 |   700 ||  1705
  Dodge: Dodged            |    28 |    52 |   131 |   329 |   466 |   313 ||  1319
  Block: Kite shield       |       |       |       |       |   296 |   487 ||   783
         Reflection        |       |       |       |       |     7 |       ||     7

Table legend: (Time is in decaauts)
 A = Elapsed time spent in this place.
 B = Non-inter-level travel time spent in this place.
 C = Inter-level travel time spent in this place.
 D = Time resting spent in this place.
 E = Time spent auto-exploring this place.
 F = Levels seen in this place.
 G = Mean time per level.
                   A        B        C        D        E       F      G
               +--------+--------+--------+--------+--------+-----+--------+
         Total |  33664 |  30946 |   2718 |   3381 |  19134 |  31 | 1085.9 |
       Dungeon |  18404 |  16974 |   1430 |   2565 |  10241 |  15 | 1226.9 |
          Lair |   6093 |   5584 |    509 |     62 |   4012 |   5 | 1218.6 |
        Shoals |   1746 |   1657 |     89 |    151 |    997 |   3 |  582.0 |
     Snake Pit |   4702 |   4289 |    413 |    297 |   2775 |   4 | 1175.5 |
  Orcish Mines |   2112 |   1837 |    275 |    282 |    827 |   2 | 1056.0 |
      Ice Cave |     42 |     42 |      0 |      0 |      0 |   1 |   42.0 |
       Volcano |    563 |    563 |      0 |     23 |    282 |   1 |  563.0 |
               +--------+--------+--------+--------+--------+-----+--------+

Top non-repeatable levels by time:
     D:4: 2144 daAuts
 Snake:2: 1977 daAuts
     D:5: 1923 daAuts
     D:1: 1911 daAuts
  Lair:3: 1720 daAuts
   Orc:2: 1571 daAuts
  Lair:5: 1493 daAuts
     D:6: 1472 daAuts
     D:2: 1267 daAuts
    D:13: 1135 daAuts
     D:9: 1103 daAuts
  Lair:4: 1065 daAuts
    D:12: 1045 daAuts
     D:7: 1042 daAuts
    D:14: 1019 daAuts
